 Dungeon Crawl Stone Soup version 0.23-a0-494-g91793a9 (webtiles) character file.

5364 nikopol the Thaumaturge (level 10, -1/52 HPs)
             Began as a Deep Elf Fire Elementalist on Dec 2, 2018.
             Was a Priest of Vehumet.
             Slain by a large slime creature (41 damage)
             ... on level 9 of the Dungeon on Dec 3, 2018.
             The game lasted 00:33:14 (10290 turns).

nikopol the Thaumaturge (DEFE)                     Turns: 10290, Time: 00:33:16

Health: -1/52      AC:  3    Str:  5    XL:     10   Next: 39%
Magic:  8/26       EV: 14    Int: 24    God:    Vehumet [***...]
Gold:   457        SH:  5    Dex: 15    Spells: 14/29 levels left

rFire    . . .     SeeInvis .   g - +0 dagger
rCold    + . .     Gourm    .   x - +0 buckler
rNeg     . . .     Faith    .   a - +0 robe
rPois    .         Spirit   .   (no helmet)
rElec    .         Reflect  .   (no cloak)
rCorr    .         Harm     .   l - +0 pair of gloves
MR       +....                  (no boots)
Stlth    +++.......             (no amulet)
HPRegen  0.17/turn              D - ring of protection from cold
MPRegen  0.20/turn              (no ring)

@: no status effects
A: no striking features
a: Renounce Religion


You were on level 9 of the Dungeon.
You worshipped Vehumet.
Vehumet was most pleased with you.
You were not hungry.

You visited 1 branch of the dungeon, and saw 9 of its levels.
You also visited: Ossuary.

You collected 457 gold pieces.

Inventory:

Hand Weapons
 g - a +0 dagger (weapon)
Armour
 a - a +0 robe (worn)
 l - a +0 pair of gloves (worn)
 p - a +4 chain mail
 x - a +0 buckler (worn)
 I - a +2 ring mail of fire resistance
Jewellery
 D - a ring of protection from cold (left hand)
Wands
 H - a wand of flame (14)
 J - a wand of enslavement (4)
 L - a wand of iceblast (3)
 N - a wand of polymorph (3)
Scrolls
 e - 6 scrolls of remove curse
 h - 2 scrolls of noise {unknown}
 i - 4 scrolls of fear {unknown}
 j - 6 scrolls of teleportation {unknown}
 m - a scroll of blinking {unknown}
 n - 5 scrolls of fog {unknown}
 o - 2 scrolls of magic mapping {unknown}
 q - a scroll of immolation {unknown}
 r - a scroll of amnesia {unknown}
 w - a scroll of enchant armour {unknown}
 y - a scroll of summoning {unknown}
 F - 7 scrolls of enchant weapon {unknown}
 Q - a scroll of acquirement {unknown}
Potions
 d - a potion of cancellation
 f - 3 potions of might
 k - a potion of curing
 s - a potion of invisibility
 u - 2 potions of mutation
 v - 5 potions of heal wounds
 z - a potion of haste
 A - 2 potions of magic
 B - 2 potions of agility {unknown}
 C - 4 potions of brilliance {unknown}
 E - a potion of berserk rage {unknown}
 K - a potion of ambrosia {unknown}
 M - a potion of flight {unknown}
 O - a potion of lignification {unknown}
Comestibles
 c - 19 rations
 R - a chunk of flesh


   Skills:
 + Level 1.1 Fighting
 - Level 0.4 Short Blades
 * Level 0.8 Armour
 + Level 4.1 Dodging
 + Level 4.8 Stealth
 + Level 5.5 Shields
 + Level 10.4 Spellcasting
 + Level 8.0 Conjurations
 + Level 9.1 Fire Magic


You had 14 spell levels left.
You knew the following spells:

 Your Spells              Type           Power        Failure   Level  Hunger
a - Flame Tongue          Conj/Fire      #####        1%          1    None
b - Throw Flame           Conj/Fire      ######       1%          2    None
c - Conjure Flame         Conj/Fire      ######..     1%          3    None
d - Sticky Flame          Conj/Fire      ######..     1%          4    None
e - Fireball              Conj/Fire      ######....   1%          5    ####...

Your spell library contained the following spells:

 Spells                   Type           Power        Failure   Level  Hunger
 Airstrike                Air            ##........   13%         4    None
 Inner Flame              Hex/Fire       ####....     1%          3    None


Dungeon Overview and Level Annotations

Branches:
Dungeon (9/15)             Temple (0/1) D:6            Lair (0/6) D:9
    Orc: D:9-12

Altars:
Ashenzari
Fedhas
Kikubaaqudgha
Makhleb
Qazlal
Ru
Uskayaw
Vehumet
Wu Jian
Xom
Yredelemnul
Zin
The Shining One

Shops:
D:6 *   D:7 *


Message History

Press: ? - help, Shift-Dir - straight line, f/p - large slime creature
Aim: a large slime creature (flame, heavily wounded, covered in liquid flames)
The flame tongue hits the large slime creature.
The large slime creature appears unharmed.
The large slime creature is heavily wounded.
The large slime creature burns!
The large slime creature is engulfed in blazing flames.
The large slime creature hits you!
Casting: Flame Tongue (safe; 1% risk of failure)
Confirm with . or Enter, or press ? or * to list all spells.
Aiming: Flame Tongue (safe; 1% risk of failure)
Press: ? - help, Shift-Dir - straight line, f/p - large slime creature
Aim: a large slime creature (flame, severely wounded, covered in liquid flames)
The flame tongue hits the large slime creature.
The large slime creature is severely wounded.
The large slime creature burns!
The large slime creature is engulfed in blazing flames.
The large slime creature hits you!!!
Ouch! That really hurt!
You die...

######.###############...........
.................................
..........#############..........
..........# #..########
..........# #..# ...###....# #..#
....##....# #..########
P....#....#############..........
P....#.........J@........>.......
.......##########.#########......
....J..# #.# #...... .......# #.#
#...... ......## #.# #......
>.....# ### ####### ....P## ..P..


You could see a large slime creature (burning).

Vanquished Creatures
  Pikel (D:4)
  A komodo dragon (D:9)
  2 slime creatures (D:9)
  2 hippogriffs (D:9)
  A hungry ghost (D:7)
  2 water moccasins (D:6)
  3 orc warriors
  5 ice beasts
  A black bear (D:5)
  5 ogres
  2 phantoms
  2 centaurs
  A bullfrog (D:7)
  4 water moccasin zombies (Ossuary)
  A scorpion (D:4)
  5 killer bees (D:9)
  4 wights
  A howler monkey (D:4)
  A crimson imp (D:9)
  A centaur skeleton (D:8)
  A centaur zombie (D:6)
  A quasit (D:8)
  A bullfrog zombie (D:6)
  3 hounds
  4 orc wizards
  5 orc priests
  2 jellies
  10 worker ants
  3 iguanas
  A big kobold zombie (Ossuary)
  2 hound skeletons
  2 mummies (Ossuary)
  8 adders
  A howler monkey skeleton (D:6)
  3 gnolls (D:5)
  3 shadow imps
  2 oozes
  5 adder zombies
  2 adder skeletons (D:4)
  A worm (D:3)
  A dart slug (D:2)
  6 leopard geckos
  28 orcs
  3 ball pythons
  3 giant cockroaches
  2 gnoll zombies (Ossuary)
  5 goblins
  11 hobgoblins
  7 jackals
  9 kobolds
  4 quokkas
  10 bats
  9 frilled lizards
  7 hobgoblin zombies (Ossuary)
  2 jackal skeletons
  A kobold zombie (Ossuary)
  7 orc zombies (Ossuary)
  5 rats
225 creatures vanquished.

Vanquished Creatures (others)
  A statue (D:4)
  30 plants (D:9)
31 creatures vanquished.

Grand Total: 256 creatures vanquished

Notes
Turn   | Place    | Note
-------+----------+-------------------------------------------
     0 | D:1      | nikopol the Deep Elf Fire Elementalist began the quest for
                  | the Orb.
     0 | D:1      | Reached XP level 1. HP: 10/10 MP: 6/6
   182 | D:1      | Reached XP level 2. HP: 15/15 MP: 4/8
   630 | D:1      | Reached XP level 3. HP: 19/19 MP: 5/9
   995 | D:2      | Learned a level 2 spell: Throw Flame
   999 | D:2      | Learned a level 3 spell: Conjure Flame
  1132 | D:2      | Reached XP level 4. HP: 24/24 MP: 7/11
  1137 | D:2      | Found a sacrificial altar of Ru.
  1360 | D:3      | Found an ancient bone altar of Kikubaaqudgha.
  1727 | D:3      | Reached skill level 4 in Spellcasting
  2009 | D:4      | Reached XP level 5. HP: 2/28 MP: 4/13
  2591 | D:4      | Reached skill level 5 in Fire Magic
  2673 | D:4      | Reached XP level 6. HP: 31/32 MP: 10/15
  2678 | D:4      | Reached skill level 1 in Shields
  2834 | D:4      | Found a radiant altar of Vehumet.
  2949 | D:4      | Reached skill level 5 in Spellcasting
  3003 | D:4      | Noticed a slave
  3120 | D:4      | Noticed a slave
  3167 | D:4      | Noticed Pikel
  3169 | D:4      | Noticed a slave
  3170 | D:4      | Noticed a slave
  3206 | D:4      | Killed Pikel
  3206 | D:4      | Reached skill level 6 in Spellcasting
  3206 | D:4      | Reached XP level 7. HP: 36/36 MP: 0/18
  3716 | D:4      | Learned a level 4 spell: Sticky Flame
  3722 | D:4      | Learned a level 5 spell: Fireball
  3845 | D:4      | Became a worshipper of Vehumet
  3863 | D:5      | Entered Level 5 of the Dungeon
  3930 | D:5      | Found a stormy altar of Qazlal.
  4080 | D:5      | Reached XP level 8. HP: 41/41 MP: 11/20
  4361 | D:6      | Reached skill level 7 in Spellcasting
  4452 | D:6      | Found a staircase to the Ecumenical Temple.
  4564 | D:6      | Reached * piety under Vehumet
  4564 | D:6      | Offered knowledge of Sandblast by Vehumet.
  4647 | D:6      | Reached skill level 5 in Conjurations
  4987 | D:6      | Reached skill level 8 in Spellcasting
  4988 | D:6      | HP: 2/42 [poisoned by a water moccasin]
  5430 | D:6      | Found Uraj's Elemental Accessories.
  5574 | D:6      | Reached XP level 9. HP: 46/46 MP: 12/23
  5682 | D:6      | Found a blossoming altar of Fedhas.
  5719 | D:6      | Found a basalt altar of Yredelemnul.
  6245 | D:7      | Found an ornate altar of the Wu Jian Council.
  6720 | D:7      | Found Duaresh's General Store.
  6724 | D:7      | Found a hide-covered altar of Uskayaw.
  6912 | D:7      | Found a shimmering altar of Xom.
  7053 | D:7      | Offered knowledge of Shock by Vehumet.
  7209 | D:8      | Reached ** piety under Vehumet
  7209 | D:8      | Reached skill level 9 in Spellcasting
  7311 | D:8      | Reached skill level 1 in Fighting
  7817 | D:8      | Found a sand-covered staircase.
  7827 | Ossuary  | Entered an ossuary
  8494 | Ossuary  | Offered knowledge of Stone Arrow by Vehumet.
  8656 | D:8      | Found a shattered altar of Ashenzari.
  8657 | D:8      | Found a burning altar of Makhleb.
  8657 | D:8      | Found a glowing golden altar of the Shining One.
  8717 | D:8      | Found a glowing silver altar of Zin.
  8928 | D:9      | Reached skill level 5 in Shields
  8933 | D:9      | Reached XP level 10. HP: 52/52 MP: 14/25
  9135 | D:9      | Reached *** piety under Vehumet
  9268 | D:9      | Reached skill level 10 in Spellcasting
  9389 | D:9      | Found a staircase to the Lair.
  9398 | D:9      | Upgraded the game from 0.23-a0-489-g205b0b6 to
                  | 0.23-a0-494-g91793a9
  9874 | D:9      | Got a heavily runed helmet
  9880 | D:9      | Identified the cursed -2 helmet of the Scribe {+Blink +Fly
                  | rElec Dex+2} (You found it on level 9 of the Dungeon)
 10284 | D:9      | Offered knowledge of Airstrike by Vehumet.
 10290 | D:9      | Slain by a large slime creature

Vault maps used:
D:1:      lemuel_arrival_muddy
D:2:      lemuel_doored_altar, corexii_shack
D:3:      nicolae_overflow_crystal_walls, serial_curves, eino_curves_03,
          eino_curves_01
D:4:      vehumet_statue, first_ration, minmay_distorted, uniq_pikel
D:5:      black_bear_nest_1, kennysheep_mini_moat
D:6:      fedhas_altar_fruit_tree, nicolae_overflow_hidden_temple,
          minmay_temple_entry_waves, nicolae_elemental_shop, chequers_arboretum
D:7:      kennysheep_little_box, overflow_temple_1_default, lemuel_round_altar,
          serial_shops, nicolae_shop_window_shopping
D:8:      zin_scriptorium, gammafunk_temple_overflow_claw,
          lightli_ossuary_entry_decrepit_ruins
D:9:      david_lair_shrubbed
Ossuary:  ossuary_tomb_2

Skill      XL: |  1  2  3  4  5  6  7  8  9 10 |
---------------+-------------------------------+-----
Fire Magic     | 4 5 6 7 8 9 |  9.1
Conjurations   | 2 3 4 5 7 8 |  8.0
Spellcasting   | 4 6 8 9 10 | 10.4
Stealth        | 3 4 |  4.8
Shields        | 2 3 5 |  5.5
Dodging        | 3 4 |  4.1
Fighting       | 1 |  1.1
Short Blades   | |  0.4
Armour         | |  0.8

Action                   |  1- 3 |  4- 6 |  7- 9 | 10-12 || total
-------------------------+-------+-------+-------+-------++-------
Melee: Dagger            |       |       |   112 |       ||   112
 Cast: Flame Tongue      |    73 |    91 |   258 |    83 ||   505
       Throw Flame       |       |     4 |     4 |       ||     8
       Conjure Flame     |       |     1 |     8 |     3 ||    12
       Sticky Flame      |       |       |    31 |    12 ||    43
       Fireball          |       |       |     6 |     2 ||     8
Evoke: Wand              |       |       |       |     1 ||     1
  Use: Scroll            |       |       |     5 |     6 ||    11
       Potion            |       |       |     2 |       ||     2
 Stab: Sleeping          |       |       |     1 |       ||     1
  Eat: Chunk             |       |     6 |     8 |     6 ||    20
       Ration            |       |       |     4 |       ||     4
Armor: Robe              |     4 |     5 |    29 |       ||    38
Dodge: Dodged            |    11 |    18 |    90 |    10 ||   129
Block: Buckler           |       |     1 |    16 |     4 ||    21

Table legend:
 A = Non-vault XP
 B = Vault XP
 C = Vault XP percentage of total XP
 D = Non-vault monster count
 E = Vault monster count
 F = Vault count percentage of total count
                 A         B        C        D         E       F
            +---------+---------+-------+---------+---------+-------
      Total |    6113 |    1551 |  20.2 |     191 |      35 |  15.5
            +---------+---------+-------+---------+---------+-------
        D:1 |      43 |       0 |   0.0 |      24 |       0 |   0.0
        D:2 |      52 |       2 |   3.7 |      21 |       1 |   4.5
        D:3 |      54 |       0 |   0.0 |      22 |       0 |   0.0
        D:4 |     270 |     657 |  70.9 |      14 |       4 |  22.2
        D:5 |     357 |     126 |  26.1 |      11 |       1 |   8.3
        D:6 |    1357 |       0 |   0.0 |      34 |       0 |   0.0
        D:7 |     880 |       0 |   0.0 |      14 |       0 |   0.0
        D:8 |     913 |       0 |   0.0 |      19 |       0 |   0.0
        D:9 |    2187 |     355 |  14.0 |      32 |       1 |   3.0
    Ossuary |       0 |     411 | 100.0 |       0 |      28 | 100.0
            +---------+---------+-------+---------+---------+-------
